 Dungeon Crawl Stone Soup version 0.29-a0-577-gafbf2c5d25 (webtiles) character file.

Game seed: 13133177955587187178

67 avis the Shooter (level 3, -1/30 HPs)
             Began as a Demigod Hunter on June 13, 2022.
             Killed by divine providence
             ... invoked by an orc priest
              (14 damage)
             ... on level 3 of the Dungeon.
             The game lasted 00:08:20 (1271 turns).

avis the Shooter (Demigod Hunter)                   Turns: 1271, Time: 00:08:21

Health: -1/30      AC:  8    Str: 12    XL:     3   Next: 70%
Magic:  5/5        EV: 11    Int: 11    God:
Gold:   124        SH:  0    Dex: 21    Spells: 2/2 levels left

rFire   . . .      SeeInvis .   a - +1 shortbow
rCold   . . .      Faith    .   (shield currently unavailable)
rNeg    . . .      Spirit   .   k - +3 ring mail
rPois   .          Reflect  .   (no helmet)
rElec   .          Harm     .   (no cloak)
rCorr   .          Rampage  .   (no gloves)
Will    .....                   (no boots)
Stlth   +.........              (no amulet)
HPRegen 0.10/turn               (no ring)
MPRegen 0.09/turn               (no ring)

@: no status effects
A: high MP 1, forlorn, divine attributes
a: no special abilities


You were on level 3 of the Dungeon.
You visited 1 branch of the dungeon, and saw 3 of its levels.

You collected 124 gold pieces.

Inventory:

Hand Weapons
 a - a +1 shortbow (weapon)
 b - the +9 spear of the Four Stories {freeze, Drain Will++ Str+4}
   (You found it on level 2 of the Dungeon)

   It freezes those it strikes, dealing additional cold damage.
   It can also slow down cold-blooded creatures.
   Str:       It affects your strength (+4).
   Drain:     It drains your maximum health when unequipped.
   Will:      It greatly increases your willpower.
Missiles
 j - 5 poisoned darts
Armour
 k - a +3 ring mail (worn)
 p - a +0 leather armour
Jewellery
 n - a ring of ice
Scrolls
 c - a scroll of immolation
 f - a scroll of fear {unknown}
 g - a scroll of silence {unknown}
 h - 8 scrolls of identify {unknown}
 l - a scroll of noise {unknown}
 o - a scroll of teleportation {unknown}
 q - a scroll of enchant armour {unknown}
 s - 2 scrolls of fog {unknown}
 u - a scroll of vulnerability {unknown}
 v - a scroll of poison {unknown}
Potions
 d - a potion of berserk rage {unknown}
 e - a potion of ambrosia {unknown}
 i - 2 potions of haste {unknown}
 m - 3 potions of brilliance {unknown}
 r - a potion of might {unknown}
 t - a potion of heal wounds {unknown}
 w - a potion of flight {unknown}
 x - a potion of attraction {unknown}


   Skills:
 + Level 2.5 Fighting
 * Level 4.6 Bows
 - Level 2.0 Dodging
 + Level 1.0 Stealth


You had 2 spell levels left.
You didn't know any spells.
Your spell library contained the following spells:

 Spells                   Type           Power      Damage    Failure   Level
 Foxfire                  Conj/Fire      0%         2x1d4     63%         1
 Conjure Flame            Conj/Fire      0%         6-21      94%         3
 Inner Flame              Hex/Fire       0%         N/A       94%         3
 Flame Wave               Conj/Fire      0%         2d4       100%        4


Dungeon Overview and Level Annotations

Branches:
Dungeon (3/15)


Innate Abilities, Weirdness & Mutations

You have an increased reservoir of magic. (+10% MP)
You shall have no god before yourself.
Your divine heritage dramatically boosts your attributes as you level up.


Message History

You shoot an arrow.
The arrow closely misses the orc wizard.
The arrow hits the orc!
You kill the orc!
The orc wizard closely misses you. The orc wizard casts a spell at you.
You resist with some effort.
Shoot: a) +1 shortbow
Press: ? - help, Q - select action, (/) - cycle Shift-Dir - straight line You shoot an arrow.
The arrow barely misses the orc wizard.
The arrow hits the orc priest!
The orc priest is severely wounded.
The orc wizard points at you and mumbles some strange words.
The puff of flame hits you.
Shoot: a) +1 shortbow
Press: ? - help, Q - select action, (/) - cycle Shift-Dir - straight line, f - orc wizard
Aim: an orc wizard, wielding a +0 dagger and wearing a +0 robe (heavily wounded, 60% to hit)
You shoot an arrow.
The arrow hits the orc wizard but does no damage.
The orc wizard is heavily wounded.
The orc priest hits you but does no damage.
The orc wizard hits you but does no damage.
Shoot: a) +1 shortbow
Press: ? - help, Q - select action, (/) - cycle Shift-Dir - straight line, f/p - orc wizard
Aim: an orc wizard, wielding a +0 dagger and wearing a +0 robe (heavily wounded, 60% to hit)
You shoot an arrow. The arrow hits the orc wizard.
The orc wizard is severely wounded.
The orc priest closely misses you. The orc wizard casts a spell at you.
You resist with some effort.
The orc priest hits you with a +0 flail.
The orc wizard hits you but does no damage.
Shoot: a) +1 shortbow
Press: ? - help, Q - select action, (/) - cycle Shift-Dir - straight line, f/p - orc wizard
Aim: an orc wizard, wielding a +0 dagger and wearing a +0 robe (severely wounded, 60% to hit)
You shoot an arrow. The arrow hits the orc wizard.
The orc wizard is almost dead.
The orc priest invokes the aid of Beogh against you.
Beogh smites you!
You die...

###########+##
#............####
#................
#.............####
#................#
#................#
#................#
#####'#######.......
#>@.............
#..oo#######......
#..).# ...... #....+
...... #....# ###...
#....# #....# #....#


You could see an orc priest and an orc wizard.

Vanquished Creatures
  3 adders
  A dart slug (D:1)
  An orc (D:3)
  4 endoplasms
  2 giant cockroaches (D:1)
  4 goblins
  6 hobgoblins
  2 quokkas
  5 ball pythons (D:1)
  3 bats
  4 rats
35 creatures vanquished.

Notes
Turn   | Place    | Note
-------+----------+-------------------------------------------
     0 | D:1      | avis the Demigod Hunter began the quest for the Orb.
     0 | D:1      | Reached XP level 1. HP: 17/17 MP: 3/3
   168 | D:1      | Reached skill level 4 in Bows
   168 | D:1      | Reached XP level 2. HP: 24/24 MP: 4/4
   168 | D:1      | Upgraded the game from 0.29-a0-575-g0dc89cf053 to
                  | 0.29-a0-577-gafbf2c5d25
   338 | D:1      | Reached skill level 1 in Stealth
   698 | D:2      | Reached XP level 3. HP: 26/30 MP: 5/5
   739 | D:2      | Identified the +9 spear of the Four Stories {freeze, Drain
                  | Will++ Str+4}
  1271 | D:3      | Killed from afar by an orc priest

Illustrated notes

Levels and vault maps discovered:
D:1:      mrwooster_arrival_statue, layout_basic,
          shapermc_ecumenical_altar_ellora
D:2:      layout_rooms, basic_altar
D:3:      layout_basic, gammafunk_ghost_stat_death

Skill      XL: |  1  2 |
---------------+-------+-----
Fighting       | 2 |  2.5
Bows           | 4 |  4.6
Stealth        | 1 |  1.0
Dodging        | 2 |  2.0

Action                   || total
-------------------------++-------
 Fire: Shortbow          ||    73
Armor: Leather armour    ||     3
       Ring mail         ||     4
Dodge: Dodged            ||    10

Table legend: (Time is in decaauts)
 A = Elapsed time spent in this place.
 B = Non-inter-level travel time spent in this place.
 C = Inter-level travel time spent in this place.
 D = Time resting spent in this place.
 E = Time spent auto-exploring this place.
 F = Levels seen in this place.
 G = Mean time per level.
                   A        B        C        D        E       F      G
               +--------+--------+--------+--------+--------+-----+--------+
         Total |   1298 |   1120 |    178 |     54 |    788 |   3 |  432.7 |
       Dungeon |   1298 |   1120 |    178 |     54 |    788 |   3 |  432.7 |
               +--------+--------+--------+--------+--------+-----+--------+

Top non-repeatable levels by time:
     D:1: 668 daAuts
     D:2: 564 daAuts
     D:3: 66 daAuts
